 Dungeon Crawl Stone Soup version 0.30-a0-458-g86641cc369 (webtiles) character file.

Game seed: 15259505169672010885

6717 PyroL the Placeless Draconian (level 10, -3/93 HPs)
             Began as a White Draconian Warper on Dec 14, 2022.
             Was a Priest of Okawaru.
             Slain by a yak (11 damage)
             ... on level 10 of the Dungeon.
             The game lasted 00:24:15 (15362 turns).

PyroL the Placeless Draconian (DrWr)               Turns: 15362, Time: 00:24:16

Health: -3/93      AC:  8    Str: 16    XL:     10   Next: 74%
Magic:  12/20      EV: 13    Int: 17    God:    Okawaru [***...]
Gold:   590        SH:  0    Dex: 11    Spells: 11/23 levels left

rFire   x . .      SeeInvis .    D - +3 falchion "Giuj" {vorpal, rF- Will+ rCorr Int+2}
rCold   + . .      Faith    .    (no shield)
rNeg    + . .      Spirit   .    (body armour unavailable)
rPois   .          Reflect  .    (helmet restricted)
rElec   .          Harm     .    (no cloak)
rCorr   +          Rampage  .    d - +0 pair of gloves
Will    +....                    (no boots)
Stlth   +.........               (no amulet)
HPRegen 0.35/turn                e - ring of positive energy
MPRegen 0.17/turn                q - +4 ring of slaying

@: no status effects
A: breathe frost, AC +7, unfitting armour, cold resistance 1, cold-blooded
a: Breathe Frost, Renounce Religion, Heroism


You were on level 10 of the Dungeon.
You worshipped Okawaru.
Okawaru was most pleased with you.
You visited 2 branches of the dungeon, and saw 12 of its levels.
You also visited: Ossuary.

You collected 590 gold pieces.

Inventory:

Hand Weapons
 a - a +4 halberd of freezing
 D - the +3 falchion "Giuj" (weapon) {vorpal, rF- Will+ rCorr Int+2}
   (You found it on level 6 of the Dungeon)

   It inflicts extra damage upon your enemies.
   Int:       It affects your intelligence (+2).
   rF:        It makes you vulnerable to fire.
   rCorr:     It protects you from acid and corrosion.
   Will:      It increases your willpower.
Missiles
 c - 7 boomerangs of dispersal (quivered)
 E - a throwing net
 G - 2 boomerangs
Armour
 d - a +0 pair of gloves (worn)
Jewellery
 e - a ring of positive energy (left hand)
 l - a ring of magical power
 q - a +4 ring of slaying (right hand)
 F - an amulet of guardian spirit
Wands
 k - a wand of flame (19)
 t - a wand of light (3)
 w - a wand of charming (11)
Scrolls
 b - 5 scrolls of blinking
 f - 2 scrolls of fear
 g - 2 scrolls of butterflies
 h - a scroll of immolation
 i - 3 scrolls of poison
 j - 3 scrolls of vulnerability
 x - a scroll of enchant armour {unknown}
 A - a scroll of torment {unknown}
Potions
 m - a potion of resistance
 n - 6 potions of mutation
 o - a potion of heal wounds
 p - 2 potions of attraction
 r - 2 potions of haste
 s - 2 potions of berserk rage
 u - 4 potions of brilliance
 v - a potion of lignification {unknown}
 z - a potion of invisibility {unknown}
 B - a potion of magic {unknown}
 C - a potion of flight {unknown}


   Skills:
 - Level 10.0 Fighting
 - Level 2.0 Maces & Flails
 - Level 0.8 Throwing
 * Level 4.1 Dodging
 - Level 7.2 Spellcasting
 + Level 10.4 Translocations
 - Level 5.1 Invocations


You had 11 spell levels left.
You knew the following spells:

 Your Spells              Type           Power      Damage    Failure   Level
a - Blink                 Tloc           82%        N/A       1%          2
b - Manifold Assault      Tloc           41%        N/A       1%          4
c - Vhi's Electric Charg  Tloc/Air       46%        N/A       4%          3
d - Teleport Other        Tloc           41%        N/A       1%          3

Your spell library contained the following spells:

 Spells                   Type           Power      Damage    Failure   Level
 Momentum Strike          Conj/Tloc      46%        3d9       1%          2
 Lesser Beckoning         Tloc           82%        N/A       1%          3
 Cigotuvi's Dreadful Rot  Necr/Pois/Air  12%        N/A       17%         2
 Ensorcelled Hibernation  Hex/Ice        12%        N/A       17%         2
 Passwall                 Tmut/Erth      5%         N/A       17%         2
 Poisonous Vapours        Pois/Air       12%        N/A       17%         2
 Sublimation of Blood     Necr           6%         N/A       17%         2
 Wereblood                Tmut           6%         N/A       17%         2
 Mephitic Cloud           Conj/Pois/Air  6%         N/A       34%         3
 Swiftness                Air            6%         N/A       34%         3
 Summon Hydra             Summ           Unusable   N/A       N/A         7

Dungeon Overview and Level Annotations

Branches:
Dungeon (11/15)            Temple (1/1) D:6             Orc (0/2) D:10
Ossuary (visited)
   Lair: D:8-11

Altars:
Ashenzari
Cheibriados
Dithmenos
Elyvilon
Fedhas
Gozag
Hepliaklqana
Kikubaaqudgha
Makhleb
Nemelex Xobeh
Okawaru
Qazlal
Ru
Sif Muna
Trog
Uskayaw
Vehumet
Wu Jian
Xom
Yredelemnul
Zin
The Shining One

Shops:
D:1 (

Portals:
Abyss: D:10

Annotations:
D:10 2 transporters, innerfire433's ghost, journeyman DsMo


Innate Abilities, Weirdness & Mutations

You can breathe waves of freezing cold which knock back foes.
Your icy white scales are hard. (AC +7)
You cannot fit into any form of body armour.
Your flesh is cold resistant. (rC+)
You are cold-blooded and may be slowed by cold attacks.


Message History

You closely miss the yak. You slash the yak! The yak closely misses you.
The yak gores you. The yak gores you but does no damage. The yak gores you.
Unknown command.
You barely miss the yak.
The yak is heavily wounded.
The yak closely misses you. The yak gores you.
Casting: Manifold Assault (mildly dangerous; 1% risk of failure)
Confirm with . or Enter, or press ? or * to list all spells.
Space momentarily warps into an impossible shape!
You slash the yak! You hit the yak. You slash the yak! The yak gores you.
* * * LOW HITPOINT WARNING * * *
The yak gores you!
* * * LOW HITPOINT WARNING * * *
You hit the yak.
The yak is severely wounded.
The yak gores you!
* * * LOW HITPOINT WARNING * * *
The yak misses you. The yak closely misses you. The yak gores you.
* * * LOW HITPOINT WARNING * * *
Unknown command.
You have got your breath back.
The yak attacks as you move away! The yak barely misses you.
The yak attacks as you move away! The yak gores you.
* * * LOW HITPOINT WARNING * * *
The yak attacks as you move away! The yak barely misses you.
The yak attacks as you move away! The yak closely misses you.
The yak attacks as you move away! The yak barely misses you.
You see here a +0 quarterstaff.
The yak attacks as you move away! The yak closely misses you.
The yak attacks as you move away! The yak closely misses you.
Casting: Manifold Assault (mildly dangerous; 1% risk of failure)
Confirm with . or Enter, or press ? or * to list all spells.
You blink.
The yak barely misses you. The yak gores you!
* * * LOW HITPOINT WARNING * * *
Unknown command.
The yak attacks as you move away! The yak gores you!
* * * LOW HITPOINT WARNING * * *
You feel stable enough to blink again. The yak gores you!
You die...

##### #...# ########...#
#..........###############
#.<(......................
#.........................
#.........................
#..............∩..(.......
#.......§@..##############
#..######Y..# #..# #YY.#
#..#....#...#
#..#....#.Y.#
#..#....#...#
#..#....##Y.#
#..#.....+..#
#..#.....#..#


You could see 5 yaks.

Vanquished Creatures
  A cyclops (D:10)
  An ugly thing (D:7)
  Joseph (D:9)
  A hornet (D:9)
  2 yaks (D:10)
  A wyvern (D:8)
  3 vampire mosquitoes (D:10)
  3 wargs (D:10)
  2 water moccasins
  Duvessa (D:5)
  2 orc warriors
  A black bear (D:5)
  An ice beast (D:7)
  6 centaurs
  An ogre (D:7)
  A phantom (D:5)
  3 kobold brigands (D:9)
  4 elf zombies (Ossuary)
  2 bullfrogs
  A gnoll sergeant (D:7)
  7 scorpions
  5 wights (D:7)
  Dowan (D:5)
  14 killer bees
  2 howler monkeys (D:10)
  6 centaur zombies (Ossuary)
  3 hounds
  2 human zombies (Ossuary)
  A jelly (D:6)
  3 orc priests
  Terence (D:3)
  2 iguanas
  Jessica (D:3)
  3 orc wizards
  3 mummies (Ossuary)
  4 gnolls
  5 adders
  4 white imps
  2 ufetubi
  4 worms
  4 dart slugs
  15 orcs
  11 ball pythons
  5 endoplasms
  6 giant cockroaches
  6 goblins
  8 hobgoblins
  8 jackals (D:5)
  2 quokkas
  8 bats
  3 frilled lizards
  20 kobolds
  5 rats
212 creatures vanquished.

Notes
Turn   | Place    | Note
-------+----------+-------------------------------------------
     0 | D:1      | PyroL the Draconian Warper began the quest for the Orb.
     0 | D:1      | Reached XP level 1. HP: 17/17 MP: 3/3
   202 | D:1      | Reached XP level 2. HP: 22/25 MP: 5/5
   441 | D:1      | Found Gekkur's Antique Weapon Shop.
   671 | D:1      | Found a faded altar of an unknown god.
   672 | D:1      | You fall into a shaft and drop 1 floor!
   730 | D:2      | Reached XP level 3. HP: 14/30 MP: 6/6
  1275 | D:1      | Learned a level 2 spell: Blink
  1339 | D:1      | Reached XP level 4. HP: 9/38 MP: 6/8
  2495 | D:3      | Noticed a scorpion
  2511 | D:3      | Killed a scorpion
  2512 | D:3      | Reached XP level 5. HP: 24/45 MP: 9/9
  2688 | D:3      | Noticed Terence
  2703 | D:3      | Killed Terence
  2849 | D:3      | Reached skill level 5 in Translocations
  2882 | D:3      | Noticed Jessica
  2885 | D:3      | Killed Jessica
  2943 | D:3      | Reached XP level 6. HP: 40/52 MP: 9/11
  4081 | D:5      | Entered Level 5 of the Dungeon
  4163 | D:5      | Noticed Duvessa
  4163 | D:5      | Noticed Dowan
  4189 | D:5      | Killed Duvessa
  4205 | D:5      | Killed Dowan
  4325 | D:5      | Your scales start taking on an icy white colour.
  4325 | D:5      | Reached XP level 7. HP: 57/60 MP: 12/12
  4325 | D:5      | Gained mutation: Your flesh is cold resistant. (rC+) [White
                  | Draconian growth]
  4470 | D:5      | Reached skill level 5 in Fighting
  4900 | D:5      | Found a broken altar of Ashenzari.
  5197 | D:6      | Reached XP level 8. HP: 55/69 MP: 14/14
  5761 | D:6      | Found a sand-covered staircase.
  5769 | Ossuary  | Entered an ossuary
  5805 | Ossuary  | Reached skill level 5 in Spellcasting
  6151 | D:6      | Learned a level 4 spell: Manifold Assault
  6296 | D:6      | Found an opulent altar of Gozag.
  6356 | D:6      | Identified the +3 falchion "Giuj" {vorpal, rF- Will+ rCorr
                  | Int+2}
  6479 | D:6      | Found a staircase to the Ecumenical Temple.
  6502 | Temple   | Entered the Ecumenical Temple
  6680 | Temple   | Became a worshipper of Warmaster Okawaru
  7029 | D:7      | Found a sacrificial altar of Ru.
  7198 | D:7      | Reached XP level 9. HP: 78/78 MP: 4/17
  7516 | D:7      | Noticed a white ugly thing
  7542 | D:7      | Killed a white ugly thing
  7542 | D:7      | Reached * piety under Okawaru
  8295 | D:7      | Reached skill level 10 in Translocations
  8451 | D:7      | Found a glowing silver altar of Zin.
  9525 | D:8      | Found a radiant altar of Vehumet.
  9592 | D:8      | Found a hide-covered altar of Uskayaw.
 10291 | D:7      | Reached ** piety under Okawaru
 10292 | D:7      | Reached skill level 10 in Fighting
 10427 | D:8      | Reached skill level 1 in Invocations
 10781 | D:8      | Found a shimmering blue altar of Sif Muna.
 10811 | D:8      | Reached XP level 10. HP: 69/93 MP: 18/18
 11645 | D:9      | Noticed a cyclops
 12519 | D:9      | Noticed Joseph
 12748 | D:9      | Killed Joseph
 13449 | D:10     | Entered Level 10 of the Dungeon
 13451 | D:10     | Noticed a cyclops
 13561 | D:10     | Killed a cyclops
 13561 | D:10     | Reached *** piety under Okawaru
 13895 | D:10     | Reached skill level 5 in Invocations
 14144 | D:10     | Found a one-way gate to the infinite horrors of the Abyss.
 14144 | D:10     | Noticed innerfire433's ghost (journeyman DsMo)
 14152 | D:10     | Found a transporter.
 14197 | D:10     | Noticed a toenail golem
 14237 | D:10     | Learned a level 3 spell: Vhi's Electric Charge
 14241 | D:10     | Learned a level 3 spell: Teleport Other
 14257 | D:10     | Found a transporter.
 14283 | D:10     | Noticed a skeletal warrior
 14361 | D:10     | HP: 4/93 [vampire mosquito (5)]
 14780 | D:10     | Noticed a tengu warrior
 15066 | D:10     | Found a staircase to the Orcish Mines.
 15362 | D:10     | Slain by a yak

Illustrated notes

Levels and vault maps discovered:
D:1:      amcnicky_arrival_flooded_fountain, layout_loops_corners,
          ebering_ecumenical_altar_ruins, serial_shops,
          nicolae_shop_statue_plus, minmay_stone_trees_small
D:2:      layout_basic, minmay_misc_feat_roman
D:3:      layout_basic, uniq_jessica, uniq_terence
D:4:      layout_basic, minmay_misc_feat_encased, minmay_crystal_room,
          corexii_item_surrounded_by_moat
D:5:      layout_loops_ring, ashenzari_conservatory_becter,
          cheibrodos_sewer_entry_bend, uniq_duvessa
D:6:      layout_basic, mainiacjoe_overflow_paths, temple_statues,
          enter_ossuary_2, nrook_mini_vaults
D:7:      layout_layer_cave, nicolae_ru_awakened_eye, zin_statuary,
          kennysheep_small_square
D:8:      layout_rooms, marbit_many_paths, tgw_sif, old_standard_altar
D:9:      layout_rooms, chequers_serial_rivers_micro_b,
          small_chamber_with_monster, amcnicky_mini_corridor_feature,
          uniq_joseph
D:10:     layout_irregular_city, minmay_orc_entry_guard_dogs,
          gammafunk_ghost_abyssal_escape, abandoned_shop, minivault_20,
          nicolae_elevator_lobby_asterisk
D:11:     lemuel_reptile_caves, layout_gridville,
          grunt_lair_entry_orc_guard_hut, gammafunk_ghost_necromancy
Temple:   bh_familiar_temple

Skill      XL: |  1  2  3  4  5  6  7  8  9 10 |
---------------+-------------------------------+-----
Translocations | 4 5 6 7 8 10 | 10.4
Fighting       | 3 4 5 6 10 | 10.0
Spellcasting   | 3 4 5 7 |  7.2
Invocations    | 1 5 |  5.1
Dodging        | 4 |  4.1
Maces & Flails | |  2.0
Throwing       | |  0.8

Action                   |  1- 3 |  4- 6 |  7- 9 | 10-12 || total
-------------------------+-------+-------+-------+-------++-------
Melee: Mace              |   119 |   171 |   257 |       ||   547
       Tailslap          |    13 |     9 |    50 |    18 ||    90
       Punch             |       |     1 |     2 |       ||     3
       Falchion          |       |       |   170 |   207 ||   377
 Cast: Blink             |       |     1 |     5 |     4 ||    10
       Manifold Assault  |       |       |    42 |    59 ||   101
 Abil: Breathe Frost     |       |       |     2 |     2 ||     4
  Use: Scroll            |     3 |     3 |     8 |     3 ||    17
       Potion            |       |       |     3 |     1 ||     4
 Stab: Sleeping          |     1 |       |       |       ||     1
Armor: Skin              |    44 |    52 |   195 |    48 ||   339
Dodge: Dodged            |    99 |   129 |   373 |   151 ||   752

Table legend: (Time is in decaauts)
 A = Elapsed time spent in this place.
 B = Non-inter-level travel time spent in this place.
 C = Inter-level travel time spent in this place.
 D = Time resting spent in this place.
 E = Time spent auto-exploring this place.
 F = Levels seen in this place.
 G = Mean time per level.
                   A        B        C        D        E       F      G
               +--------+--------+--------+--------+--------+-----+--------+
         Total |  15654 |  15258 |    396 |   4974 |   7830 |  13 | 1204.2 |
       Dungeon |  15058 |  14690 |    368 |   4890 |   7559 |  11 | 1368.9 |
        Temple |    207 |    179 |     28 |      0 |    157 |   1 |  207.0 |
       Ossuary |    388 |    388 |      0 |     84 |    114 |   1 |  388.0 |
               +--------+--------+--------+--------+--------+-----+--------+

Top non-repeatable levels by time:
     D:7: 2366 daAuts
     D:9: 2272 daAuts
     D:8: 2009 daAuts
     D:6: 1624 daAuts
    D:10: 1536 daAuts
     D:1: 1267 daAuts
     D:2: 1249 daAuts
     D:5: 1078 daAuts
     D:3: 850 daAuts
     D:4: 800 daAuts
 Ossuary: 388 daAuts
  Temple: 207 daAuts
    D:11: 1 daAuts
